 Dungeon Crawl Stone Soup version 0.28-a0-1594-ga885d4b3d6 (webtiles) character file.

Game seed: 16209896005773255190

35 Pin the Skirmisher (level 3, -3/33 HPs)
             Began as a Hill Orc Fighter on Jan 21, 2022.
             Slain by a shadow demon (14 damage)
             ... created by the darkness of Dithmenos
             ... on level 2 of the Dungeon.
             The game lasted 00:02:06 (848 turns).

Pin the Skirmisher (Hill Orc Fighter)                Turns: 848, Time: 00:02:07

Health: -3/33      AC:  6    Str: 20    XL:     3   Next: 35%
Magic:  3/3        EV:  9    Int:  8    God:
Gold:   47         SH:  4    Dex: 10    Spells: 2/2 levels left

rFire   . . .      SeeInvis .   a - +0 war axe
rCold   . . .      Faith    .   c - +0 buckler
rNeg    . . .      Spirit   .   b - +0 scale mail
rPois   .          Reflect  .   (no helmet)
rElec   .          Harm     .   (no cloak)
rCorr   .          Rampage  .   (no gloves)
Will    .....                   (no boots)
Stlth   ..........              (no amulet)
HPRegen 0.11/turn               (no ring)
MPRegen 0.08/turn               (no ring)

@: no status effects
A: no striking features
a: no special abilities


You were on level 2 of the Dungeon.
You visited 1 branch of the dungeon, and saw 2 of its levels.

You collected 47 gold pieces.

Inventory:

Hand Weapons
 a - a +0 war axe (weapon)
Armour
 b - a +0 scale mail (worn)
 c - a +0 buckler (worn)
Scrolls
 g - a scroll of fog {unknown}
 h - a scroll of vulnerability {unknown}
 i - a scroll of teleportation {unknown}
 j - a scroll of noise {unknown}
Potions
 d - a potion of might
 e - a potion of attraction {unknown}
 f - 2 potions of mutation {unknown}


   Skills:
 + Level 4.0 Fighting
 + Level 3.3 Axes
 + Level 3.6 Armour
 + Level 3.7 Shields
 + Level 0.9 Invocations


You had 2 spell levels left.
You didn't know any spells.
Your spell library was empty.

Dungeon Overview and Level Annotations

Branches:
Dungeon (2/15)

Altars:
Dithmenos


Message History

You see here a scroll labelled COSOYR OMAJOLE.
j - a scroll labelled COSOYR OMAJOLE You slash the endoplasm!
You kill the endoplasm!
A ball python comes into view.
The ball python hisses angrily.
Found a robe.
You see here a ball python corpse.
You closely miss the ball python.
The ball python bites you but does no damage.
The ball python barely misses you. The ball python closely misses you.
The ball python grabs you. The ball python constricts you.
You closely miss the ball python. The ball python barely misses you.
The ball python constricts you.
The ball python bites you but does no damage.
The ball python constricts you.
You barely miss the ball python.
The ball python bites you but does no damage.
The ball python constricts you.
You slash the ball python!
You kill the ball python!
No target in view!
No target in view!
No target in view!
No target in view!
No target in view!
No target in view!
No target in view!
No target in view!
No target in view!
Dithmenos calls forth shadows to punish you.
A shadow demon and 2 shadows come into view.
You completely miss the shadow demon. You hit the shadow.
You closely miss the shadow demon. You hit the shadow but do no damage.
The shadow hits you! The shadow demon hits you.
You hit the shadow demon.
The shadow demon is lightly wounded.
You hit the shadow but do no damage. x2; You block the shadow's attack.
The shadow demon hits you!
You die...

#....)...####
##............
##......#.####.
#.##.........#
#.........<.## #
#####........#
##.######......#....
.......#2......######
......W@†).....#
[.....W..#######
.........# .........#
.........# .........#
........## .......##
######


You could see a shadow demon and 2 shadows.

Vanquished Creatures
  An adder (D:2)
  3 dart slugs (D:1)
  3 ball pythons
  2 endoplasms
  3 goblins
  2 hobgoblins (D:1)
  A kobold (D:2)
  4 frilled lizards (D:1)
  A rat (D:1)
20 creatures vanquished.

Notes
Turn   | Place    | Note
-------+----------+-------------------------------------------
     0 | D:1      | Pin the Hill Orc Fighter began the quest for the Orb.
     0 | D:1      | Reached XP level 1. HP: 19/19 MP: 1/1
    70 | D:1      | Found a faded altar of an unknown god.
    77 | D:1      | Reached XP level 2. HP: 25/27 MP: 2/2
    94 | D:1      | Prayed at the altar of an unknown god.
    94 | D:1      | Became a worshipper of Dithmenos the Shadowed
    94 | D:1      | Reached * piety under Dithmenos
    97 | D:1      | Fell from the grace of Dithmenos
   771 | D:2      | Reached skill level 4 in Fighting
   771 | D:2      | Reached XP level 3. HP: 30/33 MP: 3/3
   846 | D:2      | Noticed a shadow
   846 | D:2      | Noticed a shadow demon
   846 | D:2      | Noticed a shadow
   848 | D:2      | Slain by a shadow demon

Illustrated notes

Levels and vault maps discovered:
D:1:      amcnicky_arrival_gap_in_the_tavern_cellar, layout_rooms,
          ebering_ecumenical_altar_abandoned, grunt_decor_arrowhead
D:2:      layout_rooms, basic_altar

Skill      XL: |  1  2 |
---------------+-------+-----
Axes           | 3 |  3.3
Fighting       | 4 |  4.0
Armour         | |  3.6
Shields        | |  3.7
Invocations    | |  0.9

Action                   || total
-------------------------++-------
Melee: War axe           ||    52
Invok: Renounce Religion ||     1
Armor: Scale mail        ||    18
Dodge: Dodged            ||    16
Block: Buckler           ||    11

Table legend: (Time is in decaauts)
 A = Elapsed time spent in this place.
 B = Non-inter-level travel time spent in this place.
 C = Inter-level travel time spent in this place.
 D = Time resting spent in this place.
 E = Time spent auto-exploring this place.
 F = Levels seen in this place.
 G = Mean time per level.
                   A        B        C        D        E       F      G
               +--------+--------+--------+--------+--------+-----+--------+
         Total |    867 |    860 |      7 |    307 |    401 |   2 |  433.5 |
       Dungeon |    867 |    860 |      7 |    307 |    401 |   2 |  433.5 |
               +--------+--------+--------+--------+--------+-----+--------+

Top non-repeatable levels by time:
     D:1: 765 daAuts
     D:2: 102 daAuts
